 Dungeon Crawl Stone Soup version 0.31-a0-1267-gfedaa18580 (webtiles) character file.

Game seed: 4019037248184405711

16 grandjackal the Slasher (level 2, -2/25 HPs)
             Began as a Draconian Gladiator on Dec 17, 2023.
             Slain by Terence
             ... wielding a +3 flail of protection
              (9 damage)
             ... on level 2 of the Dungeon.
             The game lasted 00:00:28 (556 turns).

grandjackal the Slasher (Draconian Gladiator)        Turns: 556, Time: 00:00:29

Health: -2/25      AC:  4    Str: 16    XL:     2   Next: 41%
Magic:  2/2        EV: 12    Int:  8    God:
Gold:   40         SH:  0    Dex: 12    Spells: 1/1 levels left

rFire   . . .        a - +0 long sword
rCold   . . .        (no shield)
rNeg    . . .        (body armour unavailable)
rPois   .            b - +0 hat
rElec   .            (no cloak)
rCorr   .            (no gloves)
SInv    .            (no boots)
Will    .....        (no amulet)
Stlth   +            (no ring)
HPRegen 0.24/turn    (no ring)
MPRegen 0.08/turn

%: no passive effects
@: no status effects
A: AC +4, unfitting armour, cold-blooded
a: no special abilities


You were on level 2 of the Dungeon.
You visited 1 branch of the dungeon, and saw 2 of its levels.

You collected 40 gold pieces.

Inventory:

Hand Weapons
 a - a +0 long sword (weapon)
Missiles
 c - 3 throwing nets (quivered)
 d - a javelin
Armour
 b - a +0 hat (worn)
Wands
 m - a wand of flame (11)
Scrolls
 f - a scroll of enchant weapon {unknown}
 h - a scroll of vulnerability {unknown}
 i - a scroll of summoning {unknown}
 k - a scroll of identify {unknown}
 l - a scroll of torment {unknown}
Potions
 e - a potion of lignification {unknown}
 g - a potion of haste {unknown}
 j - a potion of cancellation {unknown}


   Skills:
 + Level 2.6 Fighting
 + Level 3.2 Long Blades
 - Level 2.0 Throwing
 + Level 2.9 Dodging


You had one spell level left.
You didn't know any spells.
Your spell library was empty.

Dungeon Overview and Level Annotations

Branches:
Dungeon (2/15)

Altars:

Annotations:
D:2 Terence


Innate Abilities, Weirdness & Mutations

Your plain brown scales are hard. (AC +4)
You cannot fit into any form of body armour.
You are cold-blooded and may be slowed by cold attacks.


Message History

You hit the hobgoblin.
The hobgoblin is heavily wounded.
The hobgoblin hits you but does no damage.
You slash the hobgoblin!
You kill the hobgoblin!
No target in view!
l - a scroll labelled LIOMANW GESOSA Done exploring.
Done exploring.
There is a stone staircase leading down here.
You climb downwards.
Found 7 stones.
Found a stone staircase leading up.
There is a stone staircase leading up here.
You see here 7 stones.
There is a stone staircase leading up here.
m - a wand of flame (11)
A quokka comes into view.
Found 3 stones.
You hit the quokka.
You kill the quokka!
No target in view!
No target in view!
Terence the Incautious comes into view.
He is wielding a +3 flail of protection.
You see here a quokka corpse.
Terence is nearby!
The helpless Terence fails to defend himself.
You hit Terence.
You tail-slap Terence, but do no damage.
Terence is lightly wounded.
Terence hits you with a +3 flail of protection!
You hit Terence but do no damage.
Terence is lightly wounded.
Terence hits you with a +3 flail of protection!
* * * LOW HITPOINT WARNING * * *
You are too injured to fight recklessly!
You closely miss Terence.
Terence is lightly wounded.
Terence hits you with a +3 flail of protection!
You die...
Terence says, "Time to find some more victims."

#.#.# .## #..... ..#
#####...# ..#
........##..#
#.......(...#
#.......!...#
#.........#.####..# #.#
#.........@@......# #.#
.##...†###.#####.# #.#
#....###.# #.# #.#
#........# #.# #.#
#....###### #.# #.#
##.#.###...# #.# #.#
#........#.####.#####<#
##.#.###.........<....#
###.# ###########(####


You could see Terence.

Vanquished Creatures
  A dart slug (D:1)
  A ball python (D:1)
  An endoplasm (D:1)
  A giant cockroach (D:1)
  A hobgoblin (D:1)
  2 jackals (D:1)
  2 quokkas
  A bat (D:1)
  A frilled lizard (D:1)
  2 kobolds (D:1)
13 creatures vanquished.

Notes
Turn   | Place    | Note
-------+----------+-------------------------------------------
     0 | D:1      | grandjackal the Draconian Gladiator began the quest for the
                  | Orb.
     0 | D:1      | Reached XP level 1. HP: 17/17 MP: 1/1
   120 | D:1      | Reached XP level 2. HP: 23/25 MP: 2/2
   550 | D:2      | Noticed Terence
   556 | D:2      | Slain by Terence

Illustrated notes

Levels and vault maps discovered:
D:1:      giann_forest_graveyard, layout_basic, roderic_malta_cross
D:2:      layout_loops_ring, uniq_terence

Skill      XL: |  1 |
---------------+----+-----
Throwing       | 2 |  2.0
Fighting       | |  2.6
Long Blades    | |  3.2
Dodging        | |  2.9

Action                     || total
---------------------------++-------
  Melee: Long sword        ||    27
         Tailslap          ||     2
   Stab: Sleeping          ||     1
 Armour: Skin              ||    21
  Dodge: Dodged            ||    19

Table legend: (Time is in decaauts)
 A = Elapsed time spent in this place.
 B = Non-inter-level travel time spent in this place.
 C = Inter-level travel time spent in this place.
 D = Time resting spent in this place.
 E = Time spent auto-exploring this place.
 F = Levels seen in this place.
 G = Mean time per level.
                   A        B        C        D        E       F      G
               +--------+--------+--------+--------+--------+-----+--------+
         Total |    562 |    542 |     20 |      0 |    454 |   2 |  281.0 |
       Dungeon |    562 |    542 |     20 |      0 |    454 |   2 |  281.0 |
               +--------+--------+--------+--------+--------+-----+--------+

Top non-repeatable levels by time:
     D:1: 526 daAuts
     D:2: 35 daAuts
